 Dungeon Crawl Stone Soup version 0.23-a0-169-gb21e69520c (webtiles) character file.

335 PikkenKukken the Insei (level 6, 0/48 HPs)
             Began as a Demonspawn Monk on Sept 12, 2018.
             Was a Believer of Yredelemnul.
             Slain by an ufetubus (4 damage)
             ... summoned by Eustachio
             ... on level 4 of the Dungeon.
             The game lasted 00:05:08 (3453 turns).

PikkenKukken the Insei (Demonspawn Monk)            Turns: 3453, Time: 00:05:08

Health: 0/48       AC:  6    Str: 14    XL:     6   Next: 28%
Magic:  7/7        EV: 13    Int: 11    God:    Yredelemnul [**....]
Gold:   125        SH:  4    Dex: 15    Spells: 5/5 levels left

rFire    . . .     SeeInvis .     - Unarmed
rCold    . . .     Gourm    .   i - +0 buckler
rNeg     . . .     Faith    .   e - +1 leather armour
rPois    .         Spirit   .   (helmet restricted)
rElec    .         Reflect  .   (no cloak)
rCorr    .         Harm     .   (no gloves)
MR       .....                  (no boots)
Stlth    ++........             (no amulet)
HPRegen  0.16/turn              (no ring)
MPRegen  0.10/turn              (no ring)

@: no status effects
A: horns 1, slimy green scales 1
a: Animate Remains, Recall Undead Slaves, Injury Mirror, Renounce Religion


You were on level 4 of the Dungeon.
You worshipped Yredelemnul.
Yredelemnul was pleased with you.
You were hungry.

You visited 1 branch of the dungeon, and saw 4 of its levels.

You collected 125 gold pieces.

Inventory:

Armour
 a - a +0 robe
 e - a +1 leather armour (worn)
 i - a +0 buckler (worn)
Scrolls
 c - 2 scrolls of enchant armour
Potions
 d - a potion of flight
 f - a potion of degeneration {unknown}
 h - a potion of resistance
 j - a potion of agility {unknown}
 k - a potion of invisibility {unknown}
Comestibles
 b - 6 rations


   Skills:
 + Level 4.0 Fighting
 + Level 2.2 Armour
 + Level 3.5 Dodging
 - Level 1.7 Stealth
 + Level 1.1 Shields
 * Level 4.3 Unarmed Combat
 + Level 1.6 Invocations


You had 5 spell levels left.
You didn't know any spells.
Your spell library was empty.

Dungeon Overview and Level Annotations

Branches:
Dungeon (4/15)
 Temple: D:4-7

Altars:
Ashenzari
Kikubaaqudgha
Okawaru
Yredelemnul
Zin

Annotations:
D:4 Eustachio


Innate Abilities, Weirdness & Mutations

You have a pair of small horns on your head.
You are partially covered in slimy green scales. (AC +2)


Message History

* * * LOW HITPOINT WARNING * * *
The ufetubus closely misses you.
You closely miss Eustachio. Your headbutt misses Eustachio.
Eustachio is severely wounded.
The quokka closely misses you.
Eustachio mumbles some strange words.
The ufetubus hits you but does no damage.
The ufetubus hits you.
* * * LOW HITPOINT WARNING * * *
The quokka bites you but does no damage.
You punch Eustachio!
Eustachio is almost dead.
The ufetubus closely misses you. The ufetubus barely misses you.
Eustachio hits you with a falchion.
* * * LOW HITPOINT WARNING * * *
The quokka bites you.
* * * LOW HITPOINT WARNING * * *
The ufetubus hits you.
You die...
Your body rises from the dead as a mindless zombie.

### ...## ........####
..........#.##
..............#
............#.# .
..............## ...
............5#@##.....
#............r@........
#............rr##w.....
#..............# #...#
#............## #..
#...........## #
##.........## ..#..
##.....#### #...#
##...## ##...# ####Z#
#....##


You could see Eustachio, a worm, a river rat, an ufetubus, a quokka and a rat.

Vanquished Creatures
  A phantom (D:4)
  A crimson imp (D:2)
  An orc wizard (D:3)
  A centaur skeleton (D:4)
  An iguana (D:4)
  3 adders
  2 oozes (D:2)
  3 worms
  4 leopard geckos
  5 orcs (D:3)
  7 giant cockroaches
  6 goblins
  8 hobgoblins
  5 jackals
  3 quokkas
  2 ball pythons
  5 bats
  2 frilled lizards (D:2)
  6 kobolds
  6 rats
72 creatures vanquished.

Vanquished Creatures (collateral kills)
  An adder (D:4)
1 creature vanquished.

Vanquished Creatures (others)
  A ball python zombie (D:4)
  A frilled lizard (D:4)
2 creatures vanquished.

Grand Total: 75 creatures vanquished

Notes
Turn   | Place    | Note
-------+----------+-------------------------------------------
     0 | D:1      | PikkenKukken the Demonspawn Monk began the quest for the
                  | Orb.
     0 | D:1      | Reached XP level 1. HP: 18/18 MP: 1/1
   212 | D:1      | Gained mutation: You are partially covered in slimy green
                  | scales. (AC +2) [demonic ancestry]
   212 | D:1      | Reached XP level 2. HP: 22/24 MP: 2/2
   934 | D:2      | Reached skill level 1 in Armour
   934 | D:2      | Gained mutation: You have a pair of small horns on your
                  | head. [demonic ancestry]
   934 | D:2      | Reached XP level 3. HP: 22/29 MP: 3/3
  1455 | D:2      | Reached XP level 4. HP: 35/35 MP: 4/4
  1524 | D:2      | Found a basalt altar of Yredelemnul.
  1689 | D:2      | Became a worshipper of Yredelemnul the Dark
  1689 | D:2      | Reached * piety under Yredelemnul
  1689 | D:2      | Reached ** piety under Yredelemnul
  1770 | D:2      | Found an iron altar of Okawaru.
  2341 | D:3      | Found an ancient bone altar of Kikubaaqudgha.
  2423 | D:3      | Found a shattered altar of Ashenzari.
  2447 | D:3      | Reached XP level 5. HP: 32/41 MP: 5/5
  2854 | D:3      | Found a glowing silver altar of Zin.
  2854 | D:3      | Noticed an angel
  3026 | D:3      | Reached skill level 1 in Invocations
  3263 | D:4      | Noticed a phantom
  3314 | D:4      | Killed a phantom
  3314 | D:4      | Reached skill level 1 in Shields
  3314 | D:4      | Reached XP level 6. HP: 33/48 MP: 5/7
  3429 | D:4      | Noticed Eustachio
  3453 | D:4      | Slain by an ufetubus

Vault maps used:
D:1:      nicolae_arrival_washed_ashore
D:2:      yredelemnul_altar_generic, marbit_many_paths
D:3:      lemuel_upstairs_altar, zin_angel, grunt_temple_overflow_open,
          eino_tiny_chamber
D:4:      grunt_gozag_breadcrumbs, minmay_temple_entry_junction,
          lemuel_flame_loot_1, uniq_eustachio, uniq_sigmund

Skill      XL: |  1  2  3  4  5 |
---------------+----------------+-----
Unarmed Combat | 3 4 |  4.3
Armour         | 1 2 |  2.2
Dodging        | 3 |  3.5
Invocations    | 1 |  1.6
Fighting       | 4 |  4.0
Shields        | 1 |  1.1
Stealth        | |  1.7

Action                   |  1- 3 |  4- 6 || total
-------------------------+-------+-------++-------
Melee: Unarmed           |   176 |   178 ||   354
       Punch             |     4 |     2 ||     6
       Headbutt          |     9 |    32 ||    41
Invok: Animate Remains   |       |     1 ||     1
  Use: Scroll            |     4 |     5 ||     9
       Potion            |       |     1 ||     1
 Stab: Sleeping          |     1 |     5 ||     6
  Eat: Chunk             |     2 |     6 ||     8
Armor: Robe              |    12 |       ||    12
       Leather armour    |    27 |    45 ||    72
Dodge: Dodged            |   125 |   105 ||   230
Block: Buckler           |       |    18 ||    18

Table legend:
 A = Non-vault XP
 B = Vault XP
 C = Vault XP percentage of total XP
 D = Non-vault monster count
 E = Vault monster count
 F = Vault count percentage of total count
                 A         B        C        D         E       F
            +---------+---------+-------+---------+---------+-------
      Total |     474 |       5 |   1.0 |      72 |       1 |   1.4
            +---------+---------+-------+---------+---------+-------
        D:1 |      32 |       0 |   0.0 |      19 |       0 |   0.0
        D:2 |     119 |       5 |   4.0 |      22 |       1 |   4.3
        D:3 |     111 |       0 |   0.0 |      25 |       0 |   0.0
        D:4 |     212 |       0 |   0.0 |       6 |       0 |   0.0
            +---------+---------+-------+---------+---------+-------
